 Dungeon Crawl Stone Soup version 0.22.1-1-ga44c0e5 (webtiles) character file.

59 Fang the Skirmisher (level 4, -2/29 HPs)
             Began as a Gargoyle Berserker on Oct 23, 2018.
             Was a Believer of Trog.
             Slain by Robin
             ... wielding a +0 spear
              (8 damage)
             ... on level 2 of the Dungeon.
             The game lasted 00:00:53 (1259 turns).

Fang the Skirmisher (Gargoyle Berserker)            Turns: 1259, Time: 00:00:55

Health: -2/29      AC:  5    Str: 22    XL:     4   Next: 3%
Magic:  4/4        EV: 12    Int:  7    God:    Trog [**....]
Gold:   28         SH:  0    Dex:  9    Spells: 3/3 levels left

rFire    . . .     SeeInvis .   h - +2 hand axe (chop)
rCold    . . .     Gourm    .   (no shield)
rNeg     + + .     Faith    .   b - +0 animal skin
rPois    ∞         Spirit   .   (no helmet)
rElec    +         Reflect  .   (no cloak)
rCorr    .         Harm     .   (no gloves)
MR       .....                  (no boots)
Stlth    +.........             (no amulet)
HPRegen  0.09/turn              g - ring of positive energy
MPRegen  0.09/turn              (no ring)

@: berserk cooldown, slowed, very slow
A: negative energy resistance 1, electricity resistance, unbreathing,
petrification resistance, rot immunity, AC +3
a: Berserk, Trog's Hand, Renounce Religion


You were on level 2 of the Dungeon.
You worshipped Trog.
Trog was pleased with you.
You were hungry.

You visited 1 branch of the dungeon, and saw 2 of its levels.

You collected 28 gold pieces.

Inventory:

Hand Weapons
 a - a +0 hand axe
 h - a +2 hand axe of chopping (weapon)
Armour
 b - a +0 animal skin (worn)
Jewellery
 g - a ring of positive energy (left hand)
Scrolls
 d - a scroll of identify {unknown}
 e - a scroll of enchant armour {unknown}
 f - a scroll of immolation {unknown}
 j - a scroll of remove curse {unknown}
 k - 3 scrolls of fear {unknown}
 l - a scroll of fog {unknown}
Potions
 i - 2 potions of curing {unknown}
Comestibles
 c - 4 rations


   Skills:
 + Level 3.8 Fighting
 + Level 3.5 Axes
 + Level 2.4 Armour
 + Level 2.0 Dodging
 + Level 0.2 Stealth


You had 3 spell levels left.
You didn't know any spells.
Your spell library was empty.

Dungeon Overview and Level Annotations

Branches:
Dungeon (2/15)

Altars:

Annotations:
D:2 Robin


Innate Abilities, Weirdness & Mutations

You are resistant to torment.
Your stone body is resilient. (AC +3)
You are immune to poison.
You resist negative energy. (rN+)
You are resistant to electric shocks. (rElec)
You can survive without breathing.
You are immune to petrification.
You are immune to rotting.


Message History

Unknown command.
You are too injured to fight recklessly!
Unknown command.
You are too injured to fight recklessly!
You closely miss Robin.
Robin is moderately wounded.
Robin barely misses you.
You hit Robin.
Robin is almost dead.
The hobgoblin no longer looks unusually strong.
Robin hits you with a spear.
* * * LOW HITPOINT WARNING * * *
Robin zaps a wand.
The puff of flame misses you.
You hit Robin but do no damage.
Robin is almost dead.
The hobgoblin no longer looks unusually strong.
Robin hits you with a spear.
* * * LOW HITPOINT WARNING * * *
Robin hits you with a spear!
You die... .# .. #.......#.......# ## #.#.....#.###.### #.............### ########......#.....# ... .####..###.....# .g#.# #..#.......# gg.

#..#.#.....# #g#
#..#.#.....# # #@#
##........... #
#)# #.....###..##
#
#†####.#.#.###..##
#)................
###.##.#..#.##..##
#.##......##<...
#.####.......###
..# ##.###### #
........#


You could see Robin and 3 hobgoblins.

Vanquished Creatures
  2 adders (D:2)
  2 oozes
  A worm (D:2)
  A dart slug (D:1)
  3 hobgoblins
  4 kobolds
  2 bats
  A frilled lizard (D:1)
  10 goblins
  2 rats (D:1)
28 creatures vanquished.

Notes
Turn   | Place    | Note
-------+----------+-------------------------------------------
     0 | D:1      | Fang the Gargoyle Berserker began the quest for the Orb.
     0 | D:1      | Reached XP level 1. HP: 14/14 MP: 1/1
   136 | D:1      | Reached XP level 2. HP: 16/19 MP: 2/2
   763 | D:2      | Reached XP level 3. HP: 17/23 MP: 3/3
  1238 | D:2      | Noticed Robin
  1250 | D:2      | Reached XP level 4. HP: 29/29 MP: 4/4
  1252 | D:2      | Reached ** piety under Trog
  1259 | D:2      | Slain by Robin

Skill      XL: |  1  2  3  4 |
---------------+-------------+-----
Axes           | 3 |  3.5
Dodging        | 2 |  2.0
Fighting       | |  3.8
Armour         | |  2.4
Stealth        | |  0.2

Action                   |  1- 3 |  4- 6 || total
-------------------------+-------+-------++-------
Melee: Hand axe          |    58 |     7 ||    65
Invok: Berserk           |     2 |       ||     2
  Eat: Chunk             |     2 |       ||     2
Armor: Animal skin       |    18 |     1 ||    19
Dodge: Dodged            |    34 |     6 ||    40
